 Dungeon Crawl Stone Soup version 0.16-a0-286-g6bac339 (webtiles) character file.

658 Kashira the Gusty (level 7, -3/37 HPs)
             Began as a Tengu Air Elementalist on Aug 28, 2014.
             Was a Follower of Qazlal.
             Slain by a wyvern (9 damage)
             ... on Level 6 of the Dungeon.
             The game lasted 00:31:11 (5139 turns).

Kashira the Gusty (Tengu Air Elementalist)          Turns: 5139, Time: 00:31:11

HP  -3/37        AC  2     Str  9      XL: 7   Next: 55%
MP  18/19        EV 14     Int 16      God: Qazlal [*.....]
Gold 274         SH  2     Dex 19      Spells:  3 memorised, 10 levels left

rFire  . . .     SeeInvis .     y - +2 flail (crush)
rCold  . . .     Clarity  .     a - +0 robe
rNeg   . . .     rCorr    .     (no shield)
rPois  .         rRot     .     (helmet restricted)
rElec  .         Spirit   .     (no cloak)
SustAb .         Warding  .     (no gloves)
rMut   .         Stasis   .     (boots unavailable)
Gourm  .                        (no amulet)
MR     .....                    w - +4 ring of dexterity
                                q - ring of stealth

@: sluggish, very slow, not resistant to hostile enchantments, fairly stealthy
A: able to fly, beak, talons 3
a: Fly, Renounce Religion


You were on level 6 of the Dungeon.
You worshipped Qazlal.
Qazlal was aware of your devotion.
You were not hungry.

You visited 1 branch of the dungeon, and saw 6 of its levels.

You collected 274 gold pieces.

Inventory:

Hand weapons
 p - a +1 short sword of protection
 y - a +2 flail of crushing (weapon)
Missiles
 i - 28 poisoned needles
Armour
 a - a +0 robe (worn)
Comestibles
 c - 2 bread rations
 d - 4 fruits
 j - 2 beef jerkies
 l - 2 meat rations
 C - a slice of pizza
Scrolls
 e - a scroll of immolation
 f - 3 scrolls of remove curse
 h - 3 scrolls of amnesia
 n - a scroll of noise
 s - a scroll of fear {unknown}
 u - a scroll of blinking {unknown}
 v - a scroll of fog {unknown}
 x - a scroll of enchant weapon {unknown}
 z - a scroll of summoning {unknown}
 B - a scroll of recharging
Jewellery
 q - a ring of stealth (left hand)
 w - a +4 ring of dexterity (right hand)
Potions
 g - 2 potions of magic {unknown}
 m - a potion of confusion
 o - 2 potions of might
 r - a potion of restore abilities {unknown}
 t - a potion of porridge
 A - a potion of curing
Books
 b - a book of Air

   Spells                             Type                      Level
   *Shock                             Conjuration/Air              1
   *Swiftness                         Charms/Air                   2
   *Repel Missiles                    Charms/Air                   2
   Flight                             Charms/Air                   3
   Static Discharge                   Conjuration/Air              3
   Lightning Bolt                     Conjuration/Air              5


   Skills:
 + Level 0.4 Fighting
 + Level 0.2 Maces & Flails
 + Level 2.8 Dodging
 + Level 2.4 Stealth
 + Level 4.7 Spellcasting
 + Level 5.4 Conjurations
 + Level 6.8 Air Magic


You had 10 spell levels left.
You knew the following spells:

 Your Spells              Type           Power        Failure   Level  Hunger
a - Shock                 Conj/Air       ###.         1%          1    None
b - Repel Missiles        Chrm/Air       ##....       8%          2    #......
c - Swiftness             Chrm/Air       ##......     8%          2    #......


Dungeon Overview and Level Annotations

Branches:
Dungeon (6/15)             Temple (0/1) D:6

Altars:
Gozag
Kikubaaqudgha
Okawaru
Qazlal
Zin


Innate Abilities, Weirdness & Mutations

You can fly.
You have a beak for a mouth.
You have claws for feet.


Message History

There is an escape hatch in the ceiling here.
Press: ? - help, v - describe, . - travel
Here: a wyvern (flame)
The floor.
Casting: Shock
Confirm with . or Enter, or press ? or * to list all spells.
You feel quick.
The wyvern is engulfed in roaring flames.
You block the wyvern's attack.
You are starting to lose your buoyancy.
There is an escape hatch in the ceiling here.
You start to feel a little slower.
The wyvern misses you.
There is an escape hatch in the ceiling here.
You feel sluggish.
There is an escape hatch in the ceiling here.
You float gracefully downwards.
The wyvern bites you!
* * * LOW HITPOINT WARNING * * *
The wyvern bites you!
You die...

#....#....###.##########
...# #....#)...........#
...#.#..#####.########.#
...#.+.##♣♣♣###...# #.#
...###.#♣...♣ #.#.# #.#
..§'...#♣.>.♣ #.#.####.#
.[.#####♣...♣ #.#......####
###....##♣.♣###.###.......#
#.#### #'##.#.@.#.#####.#
#.# ##.##.#D#...# #.#
#[#####..##.#<#.#######.##
#.#.........#............#
#[#.###########.##########
#...# #######.#........#
#########
#.......#.####.###
........# #.#.........##.#
........# #.#.#####......#


You could see a wyvern.

Vanquished Creatures
  An ogre (D:6)
  A crimson imp (D:5)
  A jelly (D:5)
  An orc wizard (D:4)
  2 worker ants
  3 orc priests
  An iguana (D:6)
  8 gnolls
  10 adders
  2 giant mites
  5 worms
  An ooze (D:3)
  9 orcs
  A bat skeleton (D:5)
  A giant cockroach (D:1)
  11 hobgoblins
  11 jackals
  9 kobolds
  2 quokkas
  2 ball pythons
  6 bats
  4 giant newts
  A gnoll skeleton (D:4)
  10 goblins
  A goblin skeleton (D:4)
  A kobold zombie (D:5)
  11 rats
  A rat skeleton (D:6)
  A rat zombie (D:5)
118 creatures vanquished.

Vanquished Creatures (others)
  A kobold (D:1)
1 creature vanquished.

Grand Total: 119 creatures vanquished

Notes
Turn   | Place    | Note
--------------------------------------------------------------
     0 | D:1      | Kashira, the Tengu Air Elementalist, began the quest for the Orb.
     0 | D:1      | Reached XP level 1. HP: 10/10 MP: 3/3
    79 | D:1      | Reached XP level 2. HP: 7/15 MP: 0/5
   718 | D:1      | Reached XP level 3. HP: 19/19 MP: 0/7
  1230 | D:2      | Reached skill level 5 in Air Magic
  1230 | D:2      | Reached XP level 4. HP: 12/24 MP: 1/9
  1532 | D:2      | Learned a level 2 spell: Repel Missiles
  1535 | D:2      | Learned a level 2 spell: Swiftness
  1554 | D:2      | Found an iron altar of Okawaru.
  1999 | D:3      | Reached XP level 5. HP: 22/28 MP: 9/13
  2150 | D:3      | Found an opulent altar of Gozag.
  2250 | D:3      | Found an ancient bone altar of Kikubaaqudgha.
  2250 | D:3      | Found a stormy altar of Qazlal.
  2331 | D:3      | Became a worshipper of Qazlal Stormbringer
  2418 | D:3      | Reached XP level 6. HP: 16/33 MP: 4/15
  2941 | D:4      | Found a glowing silver altar of Zin.
  3154 | D:4      | Acquired Qazlal's first power
  3341 | D:4      | Learned a level 3 spell: Static Discharge
  3408 | D:4      | Reached skill level 6 in Air Magic
  3771 | D:4      | Noticed a deep elf mage
  3785 | D:5      | Entered Level 5 of the Dungeon
  3947 | D:5      | Reached XP level 7. HP: 37/37 MP: 11/18
  4008 | D:5      | Reached skill level 5 in Conjurations
  5020 | D:6      | Found a staircase to the Ecumenical Temple.
  5047 | D:6      | Noticed a wyvern
  5139 | D:6      | Slain by a wyvern

Action                   |  1- 3 |  4- 6 |  7- 9 || total
-------------------------+-------+-------+-------++-------
Melee: Club              |    10 |       |       ||    10
       Dagger            |     6 |       |       ||     6
       Short sword       |     4 |    13 |       ||    17
       Flail             |       |       |     1 ||     1
 Cast: Shock             |    71 |   174 |    56 ||   301
       Swiftness         |       |       |     1 ||     1
 Abil: Fly               |       |       |     2 ||     2
  Use: Scroll            |     2 |     1 |     7 ||    10
       Potion            |       |     1 |     1 ||     2
  Eat: Chunk             |     2 |     9 |       ||    11
       Bread ration      |       |       |     1 ||     1
